 Dungeon Crawl Stone Soup version 0.30-a0-219-gf2db51d15e (webtiles) character file.

Game seed: 14776581907588858706

576240 Jannitor the Meteoric Cataclysm (level 27, 0/113 HPs)
             Began as a Meteoran Fighter on June 30, 2022.
             Was a High Priest of Qazlal.
             Killed from afar by an orb of fire (11 damage)
             ... with a bolt of fire
             ... on level 5 of the Realm of Zot on Oct 7, 2022.
             The game lasted 02:40:48 (29408 turns).

Jannitor the Meteoric Cataclysm (Meteoran Fighter) Turns: 29408, Time: 02:40:48

Health: 0/113      AC: 44    Str: 32      XL:     27
Magic:  0/35       EV: 18    Int: 13      God:    Qazlal [*****.]
Gold:   4737       SH: 31    Dex: 22 (23) Spells: 26/26 levels left

rFire   + + .      SeeInvis .    M - +4 broad axe (elec)
rCold   + + .      Faith    .    S - +2 tower shield {rC+}
rNeg    + . .      Spirit   +    f - +7 crystal plate armour {rC+}
rPois   +          Reflect  .    G - +0 hat {Int+3}
rElec   .          Harm     .    j - +1 cloak of Intuition {rF+ Dex+4}
rCorr   .          Rampage  .    t - +0 pair of fencer's gloves {Riposte Dex+3}
Will    +++..      Clarity  +    Z - +2 pair of boots
Stlth   ..........               B - amulet of the Priest {Spirit Drain rPois Regen+ Str-2}
HPRegen 1.18/turn                h - ring of protection from fire
MPRegen 0.24/turn                H - ring of No Interval {Fly rPois rN+ Str+6 Stlth-}

@: marked, protected from fire, on berserk cooldown, flying, slowed, glowing,
studying Stealth, repel missiles, unable to drink, very slow
A: sense surroundings 3, otherworldly, glowing, explore regen, horns 1, clarity,
clumsy 2, deterioration 1, frail 1, low MP 1, screaming 1, heat vulnerability 1,
inability to drink after injury 1
}: 3/15 runes: serpentine, barnacled, silver
a: Renounce Religion, Upheaval, Elemental Force, Disaster Area


You were on level 5 of the Realm of Zot.
You worshipped Qazlal.
Qazlal was extremely pleased with you.
You visited 10 branches of the dungeon, and saw 51 of its levels.
You also visited: Sewer, Bailey, Gauntlet, Ice Cave and Volcano.

You collected 6136 gold pieces.
You spent 1399 gold pieces at shops.

Inventory:

Hand Weapons
 M - a +4 broad axe of electrocution (weapon)
Missiles
 o - 8 throwing nets
 J - 17 javelins (quivered)
 P - 5 curare-tipped darts
Armour
 f - a +7 crystal plate armour of cold resistance (worn)
 j - the +1 cloak of Intuition (worn) {rF+ Dex+4}
   (You found it in a Gauntlet)

   Dex:       It affects your dexterity (+4).
   rF:        It protects you from fire.
 t - the +0 pair of fencer's gloves (worn) {Riposte Dex+3}
   (You acquired it on level 3 of the Elven Halls)

   It allows the wearer to riposte with melee weapons, swiftly retaliating
   against missed or blocked melee attacks.
   Dex:       It affects your dexterity (+3).
 G - a +0 hat of intelligence (worn)
 O - the +3 warlock's mirror {reflect}
   (You found it in a bailey)

   It can block and reflect piercing ranged attacks and magical attacks against
   the wielder's willpower.
 S - a +2 tower shield of cold resistance (worn)
 V - the +2 plate armour of Dema {Will+ Regen+ Int+2 Slay+3}
   (You found it on level 2 of the Lair of Beasts)

   Int:       It affects your intelligence (+2).
   Slay:      It affects your accuracy & damage with ranged weapons and melee
   (+3).
   Regen:     It increases your rate of health regeneration.
   Will:      It increases your willpower.
 Z - a +2 pair of boots (worn)
Jewellery
 a - a ring of see invisible
 c - a +6 ring of dexterity
 h - a ring of protection from fire (left hand)
 A - the ring "Pamoh" {Ice rPois Str-4 Int+5 SInv Stlth+}
   (You took it off Josephina on level 1 of the Crypt)

   [ring of ice]

   It enhances your ice magic.
   Str:       It affects your strength (-4).
   Int:       It affects your intelligence (+5).
   rF:        It makes you vulnerable to fire.
   rC:        It protects you from cold.
   rPois:     It protects you from poison.
   SInv:      It lets you see invisible.
   Stlth:     It makes you more stealthy.
 B - the amulet of the Priest (around neck) {Spirit Drain rPois Regen+ Str-2}
   (You bought it in a shop on level 2 of the Elven Halls)

   [amulet of guardian spirit]

   It causes incoming damage to be divided between your reserves of health and
   magic.
   Str:       It affects your strength (-2).
   rPois:     It protects you from poison.
   Regen:     It increases your rate of health regeneration.
   Drain:     It drains your maximum health when unequipped.
 H - the ring of No Interval (right hand) {Fly rPois rN+ Str+6 Stlth-}
   (You found it on level 5 of the Vaults)

   [ring of strength]

   Str:       It affects your strength (+6).
   rPois:     It protects you from poison.
   rN:        It protects you from negative energy.
   Fly:       It grants you flight.
   Stlth:     It makes you less stealthy.
Wands
 g - a wand of roots (9)
 s - a wand of flame (71)
 C - a wand of iceblast (2)
 D - a wand of mindburst (20)
 F - a wand of polymorph (24)
 N - a wand of paralysis (23)
Scrolls
 l - 4 scrolls of poison
 u - 15 scrolls of teleportation
 v - 5 scrolls of fear
 w - 3 scrolls of fog
 E - 2 scrolls of silence
 K - 2 scrolls of immolation
 U - 3 scrolls of vulnerability
 W - 4 scrolls of magic mapping
Potions
 b - 3 potions of berserk rage
 e - 2 potions of brilliance
 m - 7 potions of lignification
 n - 12 potions of curing
 r - 9 potions of flight
 x - 6 potions of mutation
 z - a potion of haste
 I - 2 potions of cancellation
 Q - 10 potions of ambrosia
 T - 3 potions of magic
 Y - a potion of might
Miscellaneous
 d - a tin of tremorstones (2/2)
 y - a box of beasts (inert)
 L - a lightning rod (4/4)
 R - a phial of floods


   Skills:
 + Level 20.4 Fighting
 + Level 21.8 Axes
 + Level 20.4 Throwing
 + Level 22.0 Armour
 - Level 19.9 Dodging
 + Level 16.4 Shields
 + Level 23.4 Invocations
 + Level 20.3 Evocations


You had 26 spell levels left.
You didn't know any spells.
Your spell library contained the following spells:

 Spells                   Type           Power      Damage    Failure   Level
 Apportation              Tloc           0%         N/A       100%        1
 Foxfire                  Conj/Fire      0%         2x1d4     100%        1
 Freeze                   Ice            0%         1d3       100%        1
 Magic Dart               Conj           0%         1d3       100%        1
 Call Imp                 Summ           0%         N/A       100%        2
 Cigotuvi's Dreadful Rot  Necr/Pois/Air  0%         N/A       100%        2
 Passwall                 Tmut/Erth      0%         N/A       100%        2
 Searing Ray              Conj           0%         2d4       100%        2
 Sublimation of Blood     Necr           0%         N/A       100%        2
 Dazzling Flash           Conj/Hex       0%         N/A       100%        3
 Frozen Ramparts          Ice            0%         1d1       100%        3
 Gell's Gravitas          Tloc           0%         N/A       100%        3
 Hailstorm                Conj/Ice       0%         3d3       100%        3
 Ignite Poison            Fire/Tmut/Pois 0%         N/A       100%        3
 Inner Flame              Hex/Fire       0%         N/A       100%        3
 Mephitic Cloud           Conj/Pois/Air  0%         N/A       100%        3
 Ozocubu's Armour         Ice            0%         N/A       100%        3
 Stone Arrow              Conj/Erth      0%         3d7       100%        3
 Teleport Other           Tloc           0%         N/A       100%        3
 Airstrike                Air            0%         2d(0-16)  100%        4
 Cause Fear               Hex            0%         N/A       100%        4
 Dispel Undead            Necr           0%         3d6       100%        4
 Flame Wave               Conj/Fire      0%         2d4       100%        4
 Fulminant Prism          Conj/Hex       0%         3d6       100%        4
 Ice Form                 Ice/Tmut       0%         N/A       100%        4
 Iskenderun's Mystic Bla  Conj/Tloc      0%         2d3       100%        4
 Leda's Liquefaction      Hex/Erth       0%         N/A       100%        4
 Passage of Golubria      Tloc           0%         N/A       100%        4
 Petrify                  Tmut/Erth      0%         N/A       100%        4
 Summon Ice Beast         Ice/Summ       0%         N/A       100%        4
 Summon Lightning Spire   Summ/Air       0%         N/A       100%        4
 Agony                    Necr           0%         N/A       100%        5
 Alistair's Intoxication  Tmut/Pois      0%         N/A       100%        5
 Borgnjor's Vile Clutch   Necr/Erth      0%         N/A       100%        5
 Fireball                 Conj/Fire      0%         3d3       100%        5
 Freezing Cloud           Conj/Ice/Air   0%         6-21      100%        5
 Irradiate                Conj/Tmut      0%         3d11      100%        5
 Iskenderun's Battlesphe  Conj           0%         2d6       100%        5
 Lee's Rapid Deconstruct  Erth           0%         3d5*      100%        5
 Lightning Bolt           Conj/Air       0%         1d11      100%        5
 Metabolic Englaciation   Hex/Ice        0%         N/A       100%        5
 Silence                  Hex/Air        0%         N/A       100%        5
 Conjure Ball Lightning   Conj/Air       0%         3x3d6     100%        6
 Death Channel            Necr           0%         N/A       100%        6
 Dispersal                Tloc           0%         N/A       100%        6
 Eringya's Noxious Bog    Tmut/Pois      0%         N/A       100%        6
 Simulacrum               Ice/Necr       0%         N/A       100%        6
 Starburst                Conj/Fire      0%         6d3       100%        6
 Statue Form              Tmut/Erth      0%         N/A       100%        6
 Dragon Form              Tmut           0%         N/A       100%        7
 Malign Gateway           Summ/Tloc      0%         N/A       100%        7
 Orb of Destruction       Conj           0%         9d5       100%        7
 Ozocubu's Refrigeration  Ice            0%         4d7       100%        7
 Lehudib's Crystal Spear  Conj/Erth      0%         10d2      100%        8
 Summon Horrible Things   Summ           0%         N/A       100%        8
 Chain Lightning          Conj/Air       0%         N/A       100%        9
 Dragon's Call            Summ           0%         N/A       100%        9
 Fire Storm               Conj/Fire      0%         5d1       100%        9
 Polar Vortex             Ice            0%         N/A       100%        9
 Shatter                  Erth           0%         3d5*      100%        9


Dungeon Overview and Level Annotations

Branches:
Dungeon (15/15) Zot: 1096  Temple (0/1) D:7            Lair (6/6) D:8 Zot: 1
 Shoals (4/4) Lair:2 Zot: 391   Snake (4/4) Lair:4 Zot: 98   Slime (0/5) Lair:6
    Orc (2/2) D:11 Zot: 229     Elf (3/3) Orc:2 Zot: 5  Vaults (5/5) D:13 Zot: 645
  Crypt (3/3) Vaults:2 Zot: 56    Tomb (0/3) Crypt:3      Depths (4/4) D:15 Zot: 782
    Zot (5/5) Depths:4 Zot: 546   Sewer (visited)          Bailey (visited)
  IceCv (visited)         Volcano (visited)         Gauntlet (visited)

Altars:
Cheibriados
Dithmenos
Elyvilon
Fedhas
Hepliaklqana
Kikubaaqudgha
Nemelex Xobeh
Qazlal
Vehumet
Xom
Zin

Shops:
Orc:2 :(!*   Elf:2 !:=:   Snake:2 *   Snake:3 *   Snake:4 =

Portals:
Hell: Depths:4
Abyss: Depths:4
Pandemonium: Orc:2 Depths:2
Trove: D:15 (give 2 scrolls of acquirement)

Annotations:
Lair:1 exclusion: door
Elf:2 5 runed translucent doors


Innate Abilities, Weirdness & Mutations

You passively map a large area around you.
You are easily found by Zot.
You glow in the dark.
You regain HP and MP as you explore.
You have a pair of small horns on your head.
You possess an exceptional clarity of mind.
You are very clumsy. (Dex -4)
Your body sometimes deteriorates upon taking damage.
You are frail. (-10% HP)
Your magical capacity is low. (-10% MP)
You occasionally shout uncontrollably at your foes.
You are vulnerable to heat. (rF-)
You occasionally lose the ability to drink potions when taking damage.


Message History

You feel more protected from fire.
Your body deteriorates!
You feel clumsy.
The orb of fire glows yellow.
The bolt of fire hits you! You resist.
You feel more protected from fire.
The dread lich mumbles some strange words.
You barely miss the orb of fire. Your headbutt misses the orb of fire.
The orb of fire is heavily damaged.
You miss the orb of fire. Your headbutt misses the orb of fire.
The orb of fire is heavily damaged.
The orb of fire glows red.
The fireball explodes!
The fireball engulfs you!! You resist.
You feel threatened and lose the ability to drink potions!
The fireball engulfs the orb of fire.
The orb of fire completely resists.
Unknown command.
You miss the orb of fire.
You headbutt the orb of fire, but do no damage.
The orb of fire is heavily damaged.
The orb of fire emits a lurid red light.
The fireball explodes!
The fireball engulfs you!! You resist.
You feel more protected from fire.
* * * LOW HITPOINT WARNING * * *
The fireball engulfs the orb of fire.
The orb of fire completely resists.
The orb of fire emits a lurid red light.
The bolt of fire misses you.
Unknown command.
You cannot drink potions in your current state!
Your surroundings seem slightly different.
You cannot drink potions in your current state!
Unknown command.
Unknown command.
As you read the scroll of fog, it crumbles to dust.
The scroll dissolves into smoke.
The orb of fire glows red.
The fireball explodes!
The fireball engulfs you! You resist.
* * * LOW HITPOINT WARNING * * *
The orb of fire glows deep purple.
The bolt of fire hits you! You resist.
You feel more protected from fire.
You die...

▓▓▓▓▓▓▓# #▓▓▓▓▓▓▓▓▓
...^...### ###..*X2....
...##....## ##.X§.##.)... ...
###...###########*.^###......
...,,
##^..............###.......
... ##......○.§....##
#.....). ... #......X☼.....#
#...^... ... ##....§○°§§..##
#....... ..^ #.....§@§○..#
#...^... ^.. ##.....§°§§..##
#....... ..., #....^°...○...#
##...... ..^ *
#.............## ##^.... ..#
#...............# ##....
###▓▓▓
########.########▓▓▓▓#####
#...#
#.......................
#...#
#...##############......
##...# #..### ##..⌠..


You could see an orb of fire and 2 tentacled monstrosities.

Vanquished Creatures
  3 dread liches
  An ancient lich (Vaults:5)
  7 orbs of fire (Zot:5)
  Mara (Vaults:4)
  Sojobo (Crypt:1)
  Josephina (Crypt:1)
  4 Killer Klowns
  4 caustic shrikes (Depths:4)
  Jory (Crypt:3)
  3 golden dragons
  13 tentacled monstrosities
  A hellephant (Depths:2)
  4 electric golems
  Mlioglotl (Snake:2)
  Asterion (Vaults:2)
  4 deep elf blademasters (Elf:3)
  3 liches
  25 Orb Guardians (Zot:5)
  2 deep elf master archers (Elf:3)
  6 titans
  9 quicksilver dragons
  3 sphinxes
  8 death cobs
  4 tengu reavers
  9 ancient champions
  6 shadow dragons
  2 revenants
  3 nagarajas
  4 fire giants
  2 frost giants
  5 draconian monks
  6 deep elf sorcerers (Elf:3)
  4 draconian scorchers
  3 draconian knights
  9 storm dragons
  A caustic shrike zombie (Crypt:2)
  3 iron dragons
  3 ghost moths
  A ghost moth (shapeshifter) (D:15)
  A deep elf elementalist (Elf:2)
  6 vault wardens
  4 curse skulls
  2 spriggan defenders
  A caustic shrike skeleton (Crypt:2)
  7 ghouls
  4 draconian shifters
  13 ironbound preservers
  4 orc warlords
  7 draconian annihilators
  A war gargoyle (Vaults:2)
  6 draconian stormcallers
  24 vampire knights
  27 very ugly things
  4 ironbound thunderhulks
  2 grey draconians (Depths:4)
  12 stone giants
  4 deep elf demonologists
  21 white draconians
  11 black draconians
  11 green draconians
  11 purple draconians
  14 yellow draconians
  18 dire elephants
  6 red draconians
  A minotaur (Gauntlet)
  7 deep elf annihilators
  5 eidola
  4 spark wasps
  A crystal guardian (Vaults:2)
  6 ettins
  12 deep elf death magi
  6 merfolk javelineers
  A quicksilver dragon zombie (Crypt:1)
  3 deep elf high priests
  9 fire dragons
  12 yaktaur captains
  An entropy weaver (Vaults:4)
  9 jiangshi
  5 merfolk impalers
  7 great orbs of eyes
  A spriggan zombie (Crypt:2)
  Harold (D:10)
  6 ice dragons
  2 salamander tyrants (Snake:4)
  6 hydras
  A peacekeeper (Vaults:2)
  Erolcha (D:10)
  A caustic shrike simulacrum (Crypt:2)
  6 boulder beetles
  31 vault guards
  16 anacondas
  2 catoblepae
  2 rakshasas
  3 death knights
  An Orb Guardian zombie (Crypt:3)
  A spriggan air mage (Depths:2)
  6 merfolk avatars
  6 centaur warriors
  15 dancing weapons
  5 ironbound frosthearts
  5 merfolk aquamancers
  4 alligator snapping turtles
  2 demonspawn (Orc:2)
  20 naga warriors
  A deep troll shaman (Depths:4)
  3 tengu warriors
  5 two-headed ogres
  15 vampire magi
  3 satyrs
  9 death yaks (Lair:6)
  6 orc high priests
  A thrashing horror (Gauntlet)
  10 deep troll earth magi
  2 spriggan berserkers
  4 soul eaters
  8 shock serpents
  4 naga sharpshooters
  An emperor scorpion zombie (Crypt:3)
  9 deep elf knights
  18 hell knights
  Sonja (D:11)
  2 sixfirhies (Depths:2)
  4 salamander mystics
  4 iron trolls (Depths:4)
  61 skeletal warriors
  40 deep trolls
  3 shadow wraiths
  3 glowing orange brains
  3 bunyip zombies (Crypt:2)
  6 wizards
  10 sea snakes
  5 naga ritualists
  6 flayed ghosts
  A shadow demon (Depths:2)
  A bunyip skeleton (Crypt:1)
  9 ironbound convokers
  7 deep elf archers
  A shadow dragon zombie (Crypt:2)
  3 lindwurms (Vaults:4)
  An obsidian statue (D:9)
  2 bog bodies
  14 orc knights
  10 necromancers
  24 phantasmal warriors
  A fenstrider witch simulacrum (Crypt:2)
  25 deep elf zephyrmancers
  30 harpies
  25 deep elf pyromancers
  13 mana vipers
  8 cyclopes
  11 fauns
  18 moths of wrath
  8 orc sorcerers
  10 manticores
  35 ugly things
  A frost giant zombie (Crypt:3)
  2 iron dragon skeletons
  8 elephants
  5 salamanders
  16 vault sentinels
  A centaur zombie (Crypt:3)
  A shock serpent zombie (Crypt:3)
  A naga zombie (Crypt:1)
  39 black mambas
  9 merfolk sirens
  Joseph (D:10)
  2 gargoyles
  3 guardian serpents
  Maurice (D:10)
  A torpor snail (Lair:3)
  2 ice statues (IceCv)
  A smoke demon (Depths:2)
  8 naga magi
  9 water nymphs
  3 orange demons
  7 cane toads
  2 molten gargoyles (Volcano)
  8 unseen horrors
  Maggie (D:8)
  2 minotaur zombies (Gauntlet)
  An efreet (D:15)
  7 komodo dragons
  4 kobold demonologists
  8 rime drakes
  20 yaktaurs
  2 tengu conjurers
  A green draconian skeleton (Crypt:1)
  2 freezing wraiths
  2 ice devils
  A red devil (Orc:2)
  17 merfolk
  7 trolls
  A harpy zombie (Crypt:3)
  7 wind drakes
  A queen bee (D:10)
  3 hornets (Depths:4)
  14 slime creatures
  A troll (shapeshifter) (D:14)
  11 polar bears
  5 dream sheep (Shoals:2)
  3 harpy skeletons
  A culicivora zombie (Crypt:2)
  A hydra zombie (Crypt:1)
  9 snapping turtles
  A meliai (shapeshifter) (Elf:3)
  2 jumping spider zombies (Crypt:2)
  5 blink frogs
  An iron dragon simulacrum (Crypt:1)
  Prince Ribbit (D:5)
  A fire dragon zombie (Crypt:2)
  An ettin zombie (Crypt:2)
  Grinder (D:5)
  An alligator zombie (Crypt:2)
  A raiju (Lair:6)
  3 spriggans (Depths:4)
  4 flying skulls (Crypt:3)
  An alligator skeleton (Crypt:1)
  A spriggan (shapeshifter) (Vaults:5)
  A jumping spider (Vaults:4)
  14 water elementals
  A black mamba zombie (Crypt:2)
  2 shadows (D:12)
  3 air elementals
  8 wyverns
  16 wraiths
  A ynoxinul (Depths:2)
  A vampire (D:9)
  7 fire bats (Volcano)
  40 yaks
  3 basilisks
  4 fire elementals
  A redback simulacrum (D:14)
  2 steam dragons (D:8)
  A chaos spawn (Orc:2)
  A neqoxec (Depths:2)
  3 vampire mosquitoes (D:14)
  Menkaure (D:5)
  A demonspawn zombie (Crypt:3)
  49 nagas
  8 wargs
  9 acid dragons
  14 hell hounds (Lair:6)
  Edmund (D:6)
  28 orc warriors
  2 swamp drakes
  25 water moccasins
  A sky beast (D:7)
  A swamp dragon zombie (Crypt:2)
  2 ice beasts (D:6)
  An ettin simulacrum (Crypt:1)
  12 black bears
  A black mamba simulacrum (Crypt:1)
  A dream sheep zombie (Crypt:1)
  15 wolves
  8 ogres
  8 centaurs
  A blink frog skeleton (Crypt:2)
  4 phantoms
  15 kobold brigands
  9 bullfrogs
  An earth elemental (Elf:2)
  5 necrophages
  4 scorpions
  2 draconian skeletons (Crypt:2)
  A cyclops skeleton (Crypt:3)
  A queen bee zombie (Crypt:1)
  A lindwurm simulacrum (IceCv)
  A swamp dragon simulacrum (Crypt:1)
  3 troll zombies (D:11)
  A human simulacrum (Vaults:4)
  24 killer bees (D:10)
  6 howler monkeys
  A crimson imp (Orc:1)
  7 lava snakes (Volcano)
  6 komodo dragon simulacra (IceCv)
  3 jellies
  29 orc priests
  6 hounds
  3 small abominations (Gauntlet)
  2 gnoll boudas
  An iron imp (Orc:1)
  5 iguanas
  24 orc wizards
  5 ogre zombies (D:11)
  A howler monkey zombie (Crypt:2)
  7 acid dragon simulacra (IceCv)
  9 gnolls
  5 adders
  A river rat (Sewer)
  2 shadow imps
  18 white imps
  An ufetubus (Vaults:4)
  7 steam dragon simulacra (IceCv)
  An adder skeleton (Crypt:2)
  An iguana skeleton (Crypt:1)
  3 worms (D:2)
  2 dart slugs
  70 orcs
  A bat skeleton (Crypt:3)
  6 endoplasms
  2 giant cockroaches
  5 goblins
  3 hobgoblins
  9 jackals
  4 ball pythons
  2 bats (D:1)
  2 gnoll skeletons
  A goblin skeleton (D:11)
  4 hobgoblin skeletons (D:11)
  5 hobgoblin zombies (D:11)
  46 kobolds
  An orc skeleton (D:11)
  15 orc zombies
  5 rats
  A butterfly (Lair:4)
2124 creatures vanquished.

Vanquished Creatures (collateral kills)
  A tentacled monstrosity (Zot:2)
  A nagaraja (Snake:4)
  2 draconian scorchers (Zot:2)
  A draconian shifter (Zot:2)
  A green draconian (Zot:2)
  A red draconian (Zot:5)
  An ettin (Vaults:5)
  A merfolk impaler (Shoals:3)
  A salamander tyrant (Snake:4)
  An anaconda (Snake:1)
  3 naga warriors
  A moth of wrath (Zot:2)
  8 naga magi
  A merfolk (Shoals:3)
  4 nagas
  2 orc warriors (Orc:2)
  An orc priest (Orc:2)
  An orc wizard (Orc:2)
32 creatures vanquished.

Vanquished Creatures (others)
  A draconian knight (Zot:2)
  A deep elf high priest (Elf:2)
  2 deep elf knights (Elf:2)
  A deep elf archer (Elf:1)
  A deep elf pyromancer (Elf:2)
  A manticore (Shoals:2)
  2 merfolk sirens
  A stone giant simulacrum (Crypt:1)
  2 snapping turtles (Shoals:4)
  A water elemental (Elf:2)
  An orc priest (Orc:2)
  An orc wizard (Orc:1)
  2 gnolls (D:8)
  An orc (Orc:1)
  A kobold (D:9)
  79 fungi
  121 plants
  A withered plant (Gauntlet)
220 creatures vanquished.

Grand Total: 2376 creatures vanquished

Notes
Turn   | Place    | Note
-------+----------+-------------------------------------------
     0 | D:1      | Jannitor the Meteoran Fighter began the quest for the Orb.
     0 | D:1      | Reached XP level 1. HP: 19/19 MP: 2/2
    92 | D:1      | Reached XP level 2. HP: 26/26 MP: 3/3
   145 | D:1      | Found a faded altar of an unknown god.
   148 | D:1      | Prayed at the altar of an unknown god.
   148 | D:1      | Became a worshipper of Qazlal Stormbringer
   148 | D:1      | Reached * piety under Qazlal
   493 | D:1      | Glimpsed the power of Zot.
   541 | D:2      | Reached XP level 3. HP: 22/31 MP: 4/4
   643 | D:2      | Reached skill level 1 in Invocations
   684 | D:2      | Identified the +3 falchion of the Original Sin {vorpal,
                  | *Rage Dex+4}
   715 | D:2      | Reached XP level 4. HP: 40/40 MP: 5/5
   762 | D:2      | Identified the ring of Moral Flaws {Fly rF- rCorr Str+3
                  | Int+2}
  1076 | D:2      | Glimpsed the power of Zot.
  1167 | D:3      | Found a glowing silver altar of Zin.
  1169 | D:3      | Identified the +8 flail "Wumischa" {flame, rN+ Will+
                  | Stlth-}
  1207 | D:3      | Found a white marble altar of Elyvilon.
  1534 | D:4      | Noticed a phantom
  1544 | D:4      | Killed a phantom
  1545 | D:4      | Reached skill level 2 in Invocations
  1545 | D:4      | Reached XP level 5. HP: 37/46 MP: 7/7
  1551 | D:4      | Reached XP level 6. HP: 39/52 MP: 8/8
  1571 | D:4      | Found a glowing drain.
  1589 | Sewer    | Entered a sewer
  1664 | Sewer    | Reached ** piety under Qazlal
  1673 | Sewer    | Reached skill level 3 in Invocations
  1687 | Sewer    | Found a white marble altar of Elyvilon.
  1825 | D:4      | Reached skill level 1 in Dodging
  1856 | D:4      | Reached XP level 7. HP: 54/60 MP: 10/10
  1861 | D:4      | Reached skill level 5 in Armour
  1861 | D:4      | Reached skill level 5 in Shields
  1985 | D:4      | Found a shadowy altar of Dithmenos.
  2271 | D:5      | Entered Level 5 of the Dungeon
  2278 | D:5      | Reached XP level 8. HP: 62/67 MP: 11/11
  2288 | D:5      | Reached skill level 5 in Fighting
  2288 | D:5      | Reached skill level 4 in Invocations
  2296 | D:5      | Found a stormy altar of Qazlal.
  2320 | D:5      | Noticed Menkaure
  2326 | D:5      | Killed Menkaure
  2448 | D:5      | Noticed Grinder
  2451 | D:5      | Killed Grinder
  2452 | D:5      | Reached skill level 5 in Axes
  2503 | D:5      | Reached skill level 5 in Invocations
  2503 | D:5      | Gained mutation: You passively map the area around you.
                  | [Meteoran growth]
  2503 | D:5      | Reached XP level 9. HP: 71/74 MP: 13/13
  2589 | D:5      | Noticed Prince Ribbit
  2595 | D:5      | Killed Prince Ribbit
  2955 | D:5      | Glimpsed the power of Zot.
  3005 | D:5      | Glimpsed the power of Zot.
  3032 | D:6      | Noticed Edmund
  3042 | D:6      | Killed Edmund
  3043 | D:6      | Reached skill level 6 in Invocations
  3136 | D:6      | Noticed a troll
  3136 | D:6      | Noticed a komodo dragon
  3160 | D:6      | Killed a troll
  3161 | D:6      | Reached skill level 5 in Dodging
  3161 | D:6      | Reached XP level 10. HP: 34/84 MP: 6/15
  3215 | D:6      | Killed a komodo dragon
  3560 | D:6      | Glimpsed the power of Zot.
  3580 | D:6      | Reached skill level 7 in Invocations
  3874 | D:7      | Found a blossoming altar of Fedhas.
  3919 | D:7      | Found a staircase to the Ecumenical Temple.
  4027 | D:7      | Reached *** piety under Qazlal
  4120 | D:7      | Glimpsed the power of Zot.
  4170 | D:7      | Glimpsed the power of Zot.
  4213 | D:8      | Found a staircase to the Lair.
  4226 | D:8      | Found a sparkling altar of Nemelex Xobeh.
  4226 | D:8      | Found a snail-covered altar of Cheibriados.
  4378 | D:8      | Found a flagged portal.
  4472 | Bailey   | Entered a bailey
  4486 | Bailey   | Reached XP level 11. HP: 90/92 MP: 13/17
  4506 | Bailey   | Found the +3 warlock's mirror {reflect}
  4517 | Bailey   | Reached skill level 8 in Invocations
  4533 | Bailey   | Noticed an orc knight
  4566 | Bailey   | Killed an orc knight
  4594 | Bailey   | Found a bloodstained altar of Trog.
  4666 | D:8      | Found a radiant altar of Vehumet.
  4672 | D:8      | Noticed Maggie
  4680 | D:8      | Killed Maggie
  4870 | D:8      | Glimpsed the power of Zot.
  4920 | D:8      | Glimpsed the power of Zot.
  5057 | D:9      | Noticed an obsidian statue
  5060 | D:9      | Noticed a sun demon
  5379 | Lair:1   | Entered Level 1 of the Lair of Beasts
  5418 | Lair:1   | Reached skill level 9 in Invocations
  5432 | Lair:1   | Reached skill level 1 in Throwing
  5432 | Lair:1   | Reached skill level 1 in Evocations
  5520 | Lair:1   | Reached XP level 12. HP: 86/103 MP: 14/19
  5749 | Lair:1   | Noticed an eight-headed hydra
  5753 | Lair:1   | Killed an eight-headed hydra
  5863 | Lair:1   | Glimpsed the power of Zot.
  5865 | Lair:1   | Noticed a catoblepas
  5983 | Lair:2   | Found a dark tunnel.
  5995 | Volcano  | Entered a volcano
  6077 | Volcano  | Reached skill level 10 in Armour
  6077 | Volcano  | Reached skill level 10 in Shields
  6104 | Volcano  | Found a bloodstained altar of Trog.
  6104 | Volcano  | Noticed a centaur warrior
  6106 | Volcano  | Gained mutation: You are dopey. (Int -2) [potion of
                  | mutation]
  6106 | Volcano  | Gained mutation: You sometimes lose your temper in combat.
                  | [potion of mutation]
  6106 | Volcano  | Lost mutation: You sometimes lose your temper in combat.
                  | [potion of mutation]
  6114 | Volcano  | Killed a centaur warrior
  6115 | Volcano  | Reached skill level 10 in Invocations
  6124 | Volcano  | Noticed a hell knight
  6132 | Volcano  | Killed a hell knight
  6167 | Volcano  | Reached XP level 13. HP: 42/111 MP: 3/21
  6299 | Lair:2   | Found a staircase to the Shoals.
  6555 | Lair:2   | Identified the +2 plate armour of Dema {Will+ Regen+ Int+2
                  | Slay+3}
  6600 | Lair:2   | Noticed a five-headed hydra
  6605 | Lair:2   | Killed a six-headed hydra
  6723 | Lair:2   | Glimpsed the power of Zot.
  6814 | Lair:3   | Reached skill level 10 in Axes
  6832 | Lair:3   | Noticed a boulder beetle
  6853 | Lair:3   | Killed a boulder beetle
  6873 | Lair:3   | Reached skill level 5 in Evocations
  6885 | Lair:3   | Reached skill level 5 in Throwing
  6902 | Lair:3   | Noticed a six-headed hydra
  6916 | Lair:3   | Killed a ten-headed hydra
  7180 | Lair:3   | Found a hazy altar of Hepliaklqana.
  7307 | Lair:3   | Glimpsed the power of Zot.
  7341 | Lair:4   | Noticed a six-headed hydra
  7346 | Lair:4   | Killed a six-headed hydra
  7443 | Lair:4   | Reached skill level 10 in Fighting
  7444 | Lair:4   | Reached skill level 11 in Invocations
  7477 | Lair:4   | Found a staircase to the Snake Pit.
  7900 | Lair:5   | Reached XP level 14. HP: 121/121 MP: 23/23
  8280 | Lair:5   | Reached skill level 10 in Dodging
  8493 | Lair:5   | Glimpsed the power of Zot.
  8504 | Lair:6   | Entered Level 6 of the Lair of Beasts
  8509 | Lair:6   | Upgraded the game from 0.29-a0-753-gb7bb9d756e to
                  | 0.29-a0-819-g94b489e0ae
  8741 | Lair:6   | Reached skill level 12 in Invocations
  8867 | Lair:6   | Reached XP level 15. HP: 36/128 MP: 6/25
  8904 | Lair:6   | Reached **** piety under Qazlal
  9079 | Lair:6   | Glimpsed the power of Zot.
  9129 | Lair:6   | Glimpsed the power of Zot.
  9168 | Lair:5   | Glimpsed the power of Zot.
  9178 | Lair:4   | Touched by the power of Zot.
  9277 | Lair:1   | Glimpsed the power of Zot.
  9327 | Lair:1   | Glimpsed the power of Zot.
  9422 | D:8      | Glimpsed the power of Zot.
  9458 | D:10     | Entered Level 10 of the Dungeon
  9496 | D:10     | Noticed Harold
  9505 | D:10     | Killed Harold
  9510 | D:10     | Noticed Erolcha
  9517 | D:10     | Killed Erolcha
  9537 | D:10     | Noticed Maurice
  9539 | D:10     | Killed Maurice
  9805 | D:10     | Noticed Joseph
  9814 | D:10     | Killed Joseph
 10015 | D:10     | Glimpsed the power of Zot.
 10065 | D:10     | Glimpsed the power of Zot.
 10091 | D:11     | Found Nieghab's Antique Weapon Shop.
 10193 | D:11     | Found a staircase to the Orcish Mines.
 10194 | D:11     | Upgraded the game from 0.29-a0-819-g94b489e0ae to
                  | 0.30-a0-219-gf2db51d15e
 10208 | D:11     | Reached ***** piety under Qazlal
 10235 | Orc:1    | Entered Level 1 of the Orcish Mines
 10301 | Orc:1    | Found a frozen archway.
 10338 | IceCv    | Entered an ice cave
 10678 | Orc:1    | Found the +3 hat of Pondering {ponderous, Will+ MP+10
                  | Int+5}
 10887 | Orc:2    | Entered Level 2 of the Orcish Mines
 10900 | Orc:2    | Noticed an orc warlord
 10914 | Orc:2    | Killed an orc warlord
 11040 | Orc:2    | Found Heuneo's General Store.
 11043 | Orc:2    | Reached ****** piety under Qazlal
 11056 | Orc:2    | Found Zeliut's Distillery.
 11065 | Orc:2    | Reached skill level 13 in Invocations
 11109 | Orc:2    | Reached XP level 16. HP: 127/138 MP: 19/26
 11202 | Orc:2    | Found Haweesch's Antique Weapon Shoppe.
 11202 | Orc:2    | Found a one-way gate leading to the halls of Pandemonium.
 11202 | Orc:2    | Found Irghan's Book Emporium.
 11250 | Orc:2    | Bought a potion of berserk rage for 60 gold pieces
 11250 | Orc:2    | Bought 2 potions of heal wounds for 120 gold pieces
 11250 | Orc:2    | Bought a potion of might for 48 gold pieces
 11250 | Orc:2    | Bought 2 potions of might for 96 gold pieces
 11250 | Orc:2    | Bought a potion of curing for 36 gold pieces
 11250 | Orc:2    | Bought a potion of curing for 36 gold pieces
 11258 | Orc:2    | Bought a wand of roots (3) for 108 gold pieces
 11345 | Orc:2    | Found a staircase to the Elven Halls.
 11410 | Elf:1    | Entered Level 1 of the Elven Halls
 11459 | Elf:1    | Paralysed by an air elemental for 1 turns
 11462 | Elf:1    | Paralysed by an air elemental for 1 turns
 11900 | Elf:2    | Found Yliom's Distillery.
 11903 | Elf:2    | Bought a potion of haste for 110 gold pieces
 11903 | Elf:2    | Bought a potion of haste for 110 gold pieces
 11903 | Elf:2    | Bought 2 potions of heal wounds for 110 gold pieces
 11903 | Elf:2    | Bought a potion of curing for 33 gold pieces
 11903 | Elf:2    | Bought a potion of mutation for 88 gold pieces
 11903 | Elf:2    | Bought 2 potions of curing for 66 gold pieces
 11903 | Elf:2    | Bought a potion of curing for 33 gold pieces
 11950 | Elf:2    | Paralysed by an air elemental for 1 turns
 11999 | Elf:2    | Reached XP level 17. HP: 58/146 MP: 5/28
 12020 | Elf:2    | Reached skill level 10 in Throwing
 12030 | Elf:2    | Reached skill level 10 in Evocations
 12151 | Elf:2    | Reached skill level 14 in Invocations
 12211 | Elf:2    | Found a huge runed translucent gate.
 12211 | Elf:2    | Found a huge runed translucent gate.
 12211 | Elf:2    | Found a huge runed translucent gate.
 12211 | Elf:2    | Found a huge runed translucent gate.
 12211 | Elf:2    | Found a huge runed translucent gate.
 12263 | Elf:2    | Found Zidoo's Book Emporium.
 12264 | Elf:2    | Found Bauqin's Jewellery Boutique.
 12265 | Elf:2    | Found Kotzemp's Book Emporium.
 12272 | Elf:2    | Bought the amulet of the Priest {Spirit Drain rPois Regen+
                  | Str-2} for 345 gold pieces
 12518 | Elf:2    | Glimpsed the power of Zot.
 12527 | Elf:3    | Entered Level 3 of the Elven Halls
 12582 | Elf:3    | Noticed a deep elf blademaster
 12583 | Elf:3    | Noticed a Hell Sentinel
 12592 | Elf:3    | Killed a deep elf blademaster
 12596 | Elf:3    | Noticed a deep elf master archer
 12639 | Elf:3    | Killed a deep elf master archer
 12662 | Elf:3    | Noticed a deep elf master archer
 12665 | Elf:3    | Noticed a deep elf blademaster
 12674 | Elf:3    | Noticed a Hell Sentinel
 12676 | Elf:3    | Killed a deep elf blademaster
 12676 | Elf:3    | Killed a deep elf master archer
 12677 | Elf:3    | Gained mutation: You passively map a large area around you.
                  | [Meteoran growth]
 12677 | Elf:3    | Reached XP level 18. HP: 62/156 MP: 6/30
 12678 | Elf:3    | Noticed an Executioner
 12791 | Elf:3    | Noticed a deep elf blademaster
 12854 | Elf:3    | Killed a deep elf blademaster
 12902 | Elf:3    | Noticed a deep elf blademaster
 12915 | Elf:3    | Killed a deep elf blademaster
 12916 | Elf:3    | Found the +5 glaive of the Guard {elec, spectral, AC+5}
 12916 | Elf:3    | Found the +7 lajatang of Order {silver, rMut}
 12918 | Elf:3    | Identified the +7 quarterstaff "Sohiskom" {venom, rCorr}
 12918 | Elf:3    | Identified the +5 great mace of the Supporting Fulmar
                  | {speed, rElec}
 12936 | Elf:3    | Got Apneleisia's Excursus on Cankerous Transmogrification
 12949 | Elf:3    | Identified the +5 war axe "Udevuyla" {pain, rElec}
 13020 | Elf:3    | Identified the +10 morningstar "Melyuj" {spect, rElec rC-
                  | rN+}
 13022 | Elf:3    | Identified the +6 great sword of Pam Zatu {freeze, Str+2}
 13052 | Elf:3    | Identified a scroll of acquirement
 13052 | Elf:3    | Acquired the +0 pair of fencer's gloves {Riposte Dex+3}
 13052 | Elf:3    | Found the +0 pair of fencer's gloves {Riposte Dex+3}
 13189 | Elf:3    | Glimpsed the power of Zot.
 13239 | Elf:2    | Glimpsed the power of Zot.
 13278 | Elf:1    | Glimpsed the power of Zot.
 13482 | Lair:2   | Glimpsed the power of Zot.
 13492 | Lair:2   | Touched by the power of Zot.
 13549 | Snake:1  | Entered Level 1 of the Snake Pit
 13654 | Snake:1  | Reached skill level 15 in Invocations
 14061 | Snake:1  | Glimpsed the power of Zot.
 14106 | Snake:2  | Found Kotir's General Store.
 14169 | Snake:2  | Reached XP level 19. HP: 127/133 MP: 28/31
 14299 | Snake:2  | Noticed Mlioglotl
 14307 | Snake:2  | Killed Mlioglotl
 14421 | Snake:2  | Reached skill level 15 in Armour
 14817 | Snake:3  | Found Emuupt Juale's Assorted Antiques.
 14848 | Snake:4  | Entered Level 4 of the Snake Pit
 14880 | Snake:4  | Found Feathrusk's Weapon Shoppe.
 14884 | Snake:4  | Found Wiopn's Jewellery Shoppe.
 14919 | Snake:4  | Reached skill level 15 in Axes
 14934 | Snake:4  | Reached skill level 16 in Invocations
 15298 | Snake:4  | Reached XP level 20. HP: 102/143 MP: 15/33
 15450 | Snake:4  | Got a serpentine rune of Zot
 15904 | Snake:1  | Glimpsed the power of Zot.
 15947 | Lair:2   | Glimpsed the power of Zot.
 15966 | Shoals:1 | Entered Level 1 of the Shoals
 16314 | Shoals:2 | Reached skill level 15 in Dodging
 16949 | Shoals:4 | Entered Level 4 of the Shoals
 16973 | Shoals:4 | Reached skill level 17 in Invocations
 16973 | Shoals:4 | Reached XP level 21. HP: 151/151 MP: 20/34
 16977 | Shoals:4 | Reached skill level 15 in Fighting
 17453 | Shoals:4 | Found the +2 Maxwell's thermic engine {flame, freeze}
 17527 | Shoals:4 | Got a barnacled rune of Zot
 17854 | Lair:2   | Glimpsed the power of Zot.
 17894 | Lair:1   | Glimpsed the power of Zot.
 18074 | D:11     | Noticed Sonja
 18082 | D:11     | Killed Sonja
 18174 | D:11     | Glimpsed the power of Zot.
 18777 | D:12     | Glimpsed the power of Zot.
 18802 | D:13     | Noticed Nessos
 18803 | D:13     | Nessos changed into Nessos the black mamba
 18803 | D:13     | Noticed Nessos
 18808 | D:13     | Killed Nessos the black mamba
 18864 | D:13     | Found a gate leading to a gauntlet.
 18873 | Gauntlet | Entered a Gauntlet
 18873 | Gauntlet | Found a transporter.
 18876 | Gauntlet | Found a transporter.
 18879 | Gauntlet | Found a transporter.
 18883 | Gauntlet | Found a transporter.
 18890 | Gauntlet | Found a transporter.
 18890 | Gauntlet | Found a transporter.
 18892 | Gauntlet | Found a transporter.
 18893 | Gauntlet | Found a transporter.
 18959 | Gauntlet | Found a transporter.
 18960 | Gauntlet | Found a transporter.
 18964 | Gauntlet | Found a transporter.
 18979 | Gauntlet | Found a transporter.
 19118 | Gauntlet | Identified the +1 cloak of Intuition {rF+ Dex+4}
 19271 | D:13     | Found a gate to the Vaults.
 19282 | Vaults:1 | Entered Level 1 of the Vaults
 19470 | Vaults:2 | Noticed Asterion
 19485 | Vaults:2 | Killed Asterion
 19542 | Vaults:2 | Reached XP level 22. HP: 161/161 MP: 35/35
 19914 | Vaults:2 | Found a staircase to the Crypt.
 19921 | Crypt:1  | Entered Level 1 of the Crypt
 20061 | Crypt:1  | Reached skill level 18 in Invocations
 20109 | Crypt:1  | Noticed Sojobo
 20122 | Crypt:1  | Killed Sojobo
 20304 | Crypt:1  | Identified the ring "Pamoh" {Ice rPois Str-4 Int+5 SInv
                  | Stlth+}
 20304 | Crypt:1  | Noticed Josephina
 20322 | Crypt:1  | Killed Josephina
 20456 | Crypt:1  | Glimpsed the power of Zot.
 20536 | Crypt:2  | Reached skill level 15 in Evocations
 20540 | Crypt:1  | Reached skill level 15 in Throwing
 20706 | Crypt:2  | Got the Catalogue of Minerals and the Sky
 20945 | Crypt:2  | Reached XP level 23. HP: 123/170 MP: 22/37
 21117 | Crypt:2  | Glimpsed the power of Zot.
 21180 | Crypt:2  | Glimpsed the power of Zot.
 21196 | Crypt:3  | Entered Level 3 of the Crypt
 21303 | Crypt:3  | Found a staircase to the Tomb.
 21635 | Crypt:3  | Reached skill level 19 in Invocations
 21802 | Crypt:3  | Glimpsed the power of Zot.
 21861 | Crypt:3  | Reached XP level 24. HP: 163/180 MP: 30/37
 21863 | Crypt:3  | Glimpsed the power of Zot.
 21898 | Crypt:3  | Found an ancient bone altar of Kikubaaqudgha.
 21910 | Crypt:3  | Glimpsed the power of Zot.
 21922 | Crypt:3  | Touched by the power of Zot.
 21922 | Crypt:3  | Noticed Jory
 21935 | Crypt:3  | Killed Jory
 22026 | Crypt:3  | Glimpsed the power of Zot.
 22085 | Crypt:3  | Glimpsed the power of Zot.
 22125 | Crypt:3  | Glimpsed the power of Zot.
 22135 | Crypt:3  | Touched by the power of Zot.
 22196 | Crypt:3  | Found the +9 heavy crossbow "Sniper" {vorpal, Acc+∞ SInv}
 22246 | Crypt:3  | Glimpsed the power of Zot.
 22296 | Crypt:3  | Glimpsed the power of Zot.
 22336 | Crypt:2  | Glimpsed the power of Zot.
 22346 | Crypt:2  | Touched by the power of Zot.
 22448 | Crypt:1  | Glimpsed the power of Zot.
 23210 | Vaults:4 | Reached XP level 25. HP: 99/99 MP: 28/37
 23669 | Vaults:4 | Noticed Mara
 23687 | Vaults:4 | Noticed Jannitor's illusion
 23691 | Vaults:4 | Noticed Jannitor's illusion
 23710 | Vaults:4 | Noticed Jannitor's illusion
 23712 | Vaults:4 | Killed Mara
 23713 | Vaults:4 | Reached skill level 20 in Invocations
 23863 | Vaults:5 | Entered Level 5 of the Vaults
 23879 | Vaults:5 | Noticed a dread lich
 23893 | Vaults:5 | Killed a dread lich
 23894 | Vaults:5 | Noticed an ancient lich
 23905 | Vaults:5 | Killed an ancient lich
 23960 | Vaults:5 | Noticed a dread lich
 23974 | Vaults:5 | Killed a dread lich
 24019 | Vaults:5 | Reached XP level 26. HP: 64/110 MP: 7/38
 24176 | Vaults:5 | Identified the +1 robe of the Lily {Str+2 SInv}
 24183 | Vaults:5 | Got a silver rune of Zot
 24185 | Vaults:5 | Identified the +7 glaive of Purpose {spect, rN+ Str+3}
 24190 | Vaults:5 | Identified the ring of No Interval {Fly rPois rN+ Str+6
                  | Stlth-}
 24628 | D:15     | Entered Level 15 of the Dungeon
 24850 | D:15     | Found a portal to a secret trove of treasure.
 25084 | D:15     | Found a staircase to the Depths.
 25089 | Depths:1 | Entered Level 1 of the Depths
 25139 | Depths:2 | Reached skill level 21 in Invocations
 25550 | Depths:3 | Reached XP level 27. HP: 75/118 MP: 38/38
 25708 | Depths:4 | Entered Level 4 of the Depths
 25752 | Depths:4 | Noticed a caustic shrike
 25754 | Depths:4 | Noticed a caustic shrike
 25754 | Depths:4 | Noticed a caustic shrike
 25756 | Depths:4 | Noticed a caustic shrike
 25768 | Depths:4 | Killed a caustic shrike
 25769 | Depths:4 | Killed a caustic shrike
 25868 | Depths:4 | Killed a caustic shrike
 25920 | Depths:4 | Killed a caustic shrike
 26350 | Depths:4 | Found a one-way gate to the infinite horrors of the Abyss.
 26687 | Depths:4 | Found a gateway to Hell.
 26870 | Depths:4 | Found a gate to the Realm of Zot.
 26876 | Zot:1    | Entered Level 1 of the Realm of Zot
 26906 | Zot:1    | Reached skill level 22 in Invocations
 26912 | Zot:1    | Acquired 260 gold pieces
 27558 | Zot:2    | Reached skill level 15 in Shields
 27971 | Zot:3    | You are sucked into a shaft and drop 1 floor!
 27971 | Zot:4    | Noticed a Killer Klown
 28003 | Zot:4    | Killed a Killer Klown
 28365 | Zot:3    | Found a shimmering altar of Xom.
 28365 | Zot:3    | Noticed a Killer Klown
 28365 | Zot:3    | Noticed a Killer Klown
 28374 | Zot:5    | Entered Level 5 of the Realm of Zot
 28402 | Zot:5    | HP: 5/124 [something/bolt of lightning (21)]
 28876 | Zot:5    | Reached skill level 23 in Invocations
 28881 | Zot:5    | Noticed an orb of fire
 28882 | Zot:5    | Gained mutation: You occasionally lose the ability to drink
                  | potions when taking damage. [an orb of fire]
 28890 | Zot:5    | Noticed an orb of fire
 28893 | Zot:5    | Noticed a Killer Klown
 28893 | Zot:5    | Gained mutation: You are clumsy. (Dex -2) [an orb of fire]
 28912 | Zot:5    | Noticed a dread lich
 28913 | Zot:5    | Killed an orb of fire
 28915 | Zot:5    | Killed a Killer Klown
 28918 | Zot:5    | Noticed an orb of fire
 28919 | Zot:5    | Killed an orb of fire
 28930 | Zot:5    | Lost mutation: You are clumsy. (Dex -2) [an orb of fire]
 28931 | Zot:5    | Paralysed by something for 3 turns
 28938 | Zot:5    | Killed an orb of fire
 28939 | Zot:5    | Killed a dread lich
 29238 | Zot:5    | Noticed an orb of fire
 29243 | Zot:5    | Noticed a Killer Klown
 29254 | Zot:5    | Noticed a Killer Klown
 29258 | Zot:5    | Killed an orb of fire
 29258 | Zot:5    | Noticed an orb of fire
 29259 | Zot:5    | Noticed an orb of fire
 29262 | Zot:5    | Killed a Killer Klown
 29262 | Zot:5    | Noticed an orb of fire
 29262 | Zot:5    | Noticed a dread lich
 29266 | Zot:5    | Killed a Killer Klown
 29266 | Zot:5    | Killed an orb of fire
 29266 | Zot:5    | Noticed an orb of fire
 29270 | Zot:5    | Gained mutation: You are frail. (-10% HP) [an orb of fire]
 29273 | Zot:5    | Gained mutation: You sometimes lose your temper in combat.
                  | [an orb of fire]
 29306 | Zot:5    | Lost mutation: You occasionally lose the ability to drink
                  | potions when taking damage. [potion of mutation]
 29306 | Zot:5    | Lost mutation: You are frail. (-10% HP) [potion of
                  | mutation]
 29306 | Zot:5    | Lost mutation: You are dopey. (Int -2) [potion of mutation]
 29306 | Zot:5    | Lost mutation: You sometimes lose your temper in combat.
                  | [potion of mutation]
 29306 | Zot:5    | Gained mutation: You are clumsy. (Dex -2) [potion of
                  | mutation]
 29306 | Zot:5    | Gained mutation: You possess an exceptional clarity of
                  | mind. [potion of mutation]
 29311 | Zot:5    | Gained mutation: Your body sometimes deteriorates upon
                  | taking damage. [an orb of fire]
 29314 | Zot:5    | Gained mutation: You occasionally shout uncontrollably at
                  | your foes. [an orb of fire]
 29318 | Zot:5    | Killed an orb of fire
 29386 | Zot:5    | Gained mutation: Your magical capacity is low. (-10% MP)
                  | [an orb of fire]
 29387 | Zot:5    | Killed an orb of fire
 29391 | Zot:5    | Gained mutation: You have a pair of small horns on your
                  | head. [an orb of fire]
 29397 | Zot:5    | Gained mutation: You occasionally lose the ability to drink
                  | potions when taking damage. [an orb of fire]
 29397 | Zot:5    | Gained mutation: You are frail. (-10% HP) [an orb of fire]
 29400 | Zot:5    | Gained mutation: You are very clumsy. (Dex -4) [an orb of
                  | fire]
 29400 | Zot:5    | Gained mutation: You are vulnerable to heat. (rF-) [an orb
                  | of fire]
 29408 | Zot:5    | Killed from afar by an orb of fire

Illustrated notes

Levels and vault maps discovered:
D:1:      eino_arrival_cavern_a, layout_rooms,
          shapermc_ecumenical_altar_mp_urbaneastern, minmay_misc_feat_five
D:2:      layout_loops_cross
D:3:      layout_rooms, lemuel_crystal_altar, mainiacjoe_overflow_alcove_2,
          serial_bayou_pond_d, nrook_loot_triangle, kennysheep_pointless_box
D:4:      layout_basic, grunt_dithmenos_smoke_and_mirrors, portal_sewer_entry_d,
          nicolae_kite_square_tiling_tiny, serial_bayou_pond_b,
          grunt_decor_arrowhead
D:5:      layout_loops_ring, mainiacjoe_overflow_24_doors, serial_aquarium,
          aquarium_bridge_long_joined [aquarium_subvault_bridge,
          aquarium_subvault_window, aquarium_subvault_wall,
          aquarium_subvault_bridge, aquarium_subvault_bridge,
          aquarium_subvault_wall], aquarium_window_fake, aquarium_window_1,
          aquarium_window_corridor_2, aquarium_view_2d, aquarium_view_2g,
          kennysheep_generic_room_9, uniq_menkaure, uniq_prince_ribbit1,
          uniq_grinder
D:6:      minmay_diamond_boxcup, layout_layer_cave, minmay_manual_mail,
          uniq_edmund
D:7:      black_bear_nest_2, layout_loops_ring,
          mainiacjoe_overflow_concentric_impassable, kennysheep_orc_sif_temple,
          overflow_temple_1_default, minmay_temple_entry_hall, hex_large,
          grunt_decor_clamped, nicolae_lava_and_water
D:8:      layout_basic, kennysheep_vampire_church,
          chequers_temple_overflow_statue_of_worship,
          mainiacjoe_overflow_cross_hatched, lair_entry_dummy, enter_bailey_5,
          hangedman_decor_clover_reticule, uniq_maggie
D:9:      layout_cave_pools, minivault_16
D:10:     layout_roguey [special_room_bee], hangedman_decor_riveting,
          skrybe_limestone_x, uniq_erolcha, uniq_maurice, uniq_harold,
          uniq_joseph
D:11:     layout_stronghold, zombieorc2_lemuel, serial_shops,
          nicolae_shop_waterfront, columned_hall_lemuel,
          minmay_tree_intersection, uniq_sonja
D:12:     layout_gridville, chequers_serial_rivers_small_3
D:13:     layout_cross, david_vaults_4, gauntlet_entry_generic,
          chequers_serial_rivers_marsh, uniq_nessos
D:14:     layout_cave_pools, serial_bayou, serial_bayou_pond_d,
          serial_bayou_shore_b, serial_bayou_shore_a, serial_bayou_pond_d,
          serial_bayou_pond_c
D:15:     hangedman_depths_entry_civil_slaughter, layout_stronghold,
          trove_entry_hex_spiral, ebering_dispersal_statue_hall
Lair:1:   layout_hall_layers, minmay_shattered_shrine
Lair:2:   minmay_lair_oklob_chamber, layout_loops_ring,
          elwin_shoals_entry_rooms, nicolae_volcano_entry_two_sided
Lair:3:   layout_small_grid, basic_altar, grunt_megastairs_2
Lair:4:   layout_roguey, minmay_snake_entry_six_corridors, lemuel_fruit_fields,
          serial_bayou_shore_b, serial_bayou_shore_b
Lair:5:   layout_regular_city, minivault_24, serial_bayou_pond_d
Lair:6:   wormcave, layout_small_grid, hangedman_lair_caniforms_friends,
          slime_entry_2, lemuel_fruit_fields, uniq_snorg
Shoals:1: layout_shoals, nicolae_shoals_kraken_intersection, uniq_kirke
Shoals:2: layout_shoals
Shoals:3: layout_shoals, nicolae_shoals_flooded_hall
Shoals:4: shoals_end_hangedman, layout_shoals
Snake:1:  layout_chambers, drop_trap, grunt_ministairs_5,
          nicolae_snake_lava_pool
Snake:2:  layout_grid_shapes, serial_shops, shop, grunt_ministairs_7,
          hangedman_snake_sidewinding, uniq_mlioglotl
Snake:3:  kennysheep_six_static_rooms, layout_gridlike, serial_shops,
          nicolae_shop_overgrown_old_shop
Snake:4:  minmay_snake_end_coiled, layout_basic, st_stairs_4, minmay_shop_star
Orc:1:    layout_caves, portal_ice_cave_entry_imps, basic_altar,
          hangedman_minor_magic
Orc:2:    pf_orc_diabolical, layout_caves, basic_altar
Elf:1:    nicolae_elf_arrival_fired_up, layout_gridlike,
          minmay_elf_crystal_hexagon, drop_trap
Elf:2:    elven_hall_of_blades_hangedman_alternative
          [nicolae_blade_entry_sentries_behind_glass], layout_geoelf_octagon,
          serial_shops, nicolae_stop_n_shop_2, serial_sigils_hangedman_gut,
          minmay_shop_grove
Elf:3:    minmay_elf_hall_circle, layout_gridlike, serial_shops, shop,
          hangedman_glass_teeth, minivault_16
Vaults:1: nicolae_vaults_puzzle_piece, nicolae_vaults_stairing_the_circle,
          nicolae_vaults_angled_halls, v_misc_27, v_misc_14, v_misc_15,
          hangedman_vaults_hat, v_misc_5, special_room_vaults
          [special_room_orc], vaults_room_stairs_pillars,
          hangedman_vaults_cutoff, layout_vaults_omnigrid, uniq_donald,
          uniq_zenata, uniq_saint_roka
Vaults:2: blue_anna_dwarven_crypt, nicolae_vaults_little_squares_4,
          nicolae_vaults_angled_halls, vaults_room_door_ring,
          ontoclasm_vaults_decontamination, serial_ice_h, vaults_room_pools,
          ontoclasm_vaults_gateway, vaults_room_corners, vaults_dpeg_ring,
          vaults_room_pools, vaults_room_fours, layout_vaults_chaotic_city,
          uniq_asterion
Vaults:3: gammafunk_ghost_smash, st_cells, nicolae_vaults_network_quinsquares
          [nicolae_vaults_network_quincunx_subvault,
          nicolae_vaults_network_quincunx_subvault,
          nicolae_vaults_network_quincunx_subvault,
          nicolae_vaults_network_quincunx_subvault],
          ontoclasm_vaults_ring_square, v_alt_pattern_3, v_misc_24,
          ontoclasm_vaults_tryst, grunt_vaults_hallway_short, vaults_room_pools,
          nicolae_vaults_network_periphery, v_alt_pattern_5,
          ontoclasm_vaults_fault, vaults_room_octagon,
          ontoclasm_vaults_loading_screen, nicolae_vaults_three_branches,
          nicolae_vaults_little_squares_2, vaults_mumra_hex,
          vaults_dpeg_encased_lava, layout_vaults_omnibox
Vaults:4: v_misc_12, vaults_room_guarded_vault, vaults_mumra_hexcomb,
          hangedman_vaults_slither, ontoclasm_vaults_eye, nicolae_vaults_big_ls,
          v_misc_11, serial_ice_h, vaults_room_large_hall, grunt_vaults_bifocal,
          ontoclasm_vaults_hangar, ontoclasm_vaults_claustrophobia,
          layout_vaults_maze, uniq_mara
Vaults:5: serial_shops
Crypt:1:  layout_misc_corridors, grunt_crypt_arrival_split, uniq_sojobo,
          uniq_josephina
Crypt:2:  grunt_deathspiral_small, layout_basic, grunt_ministairs_13,
          nicolae_crypt_twisting_catacombs, small_statue_intersection,
          palyth_stone_intersect, minmay_misc_feat_ornament,
          small_chamber_with_monster, nicolae_crypt_statuary_hall
Crypt:3:  church_of_pain_bobbens, layout_chaotic_city, st_stairs_12,
          grunt_ministairs_14, due_unseen_surprise
Depths:1: layout_twisted_cross, rand_demon_pan_entry_8, special_room
          [special_room_mythical_zoo], hell_entry, nicolae_vehumet_radiance,
          minivault_22, hangedman_abyss_or_decor_stabs, minmay_liquid_box,
          nemelex_lonely_heart_becter
Depths:2: mu_elephants_graveyard, layout_gridlike, hell_entry,
          grunt_pan_entry_spiral, hangedman_decor_slide_cut,
          minmay_fractal_squares_diagonal_5
Depths:3: minmay_the_grid_triangle_9x9_recursive_3_mashed
          [minmay_the_grid_triangle_9x9_zippers_horizontal,
          minmay_the_grid_triangle_9x9_intruding_spiral,
          minmay_the_grid_triangle_9x9_cache,
          minmay_the_grid_triangle_9x9_prize_top_heavy,
          minmay_the_grid_triangle_9x9_descending_squares,
          minmay_the_grid_triangle_9x9_corrupted_corridor,
          minmay_the_grid_triangle_9x9_thin_v,
          minmay_the_grid_triangle_9x9_tough_junction,
          minmay_the_grid_triangle_9x9_odd_lines], layout_basic,
          enter_ziggurat_f, nicolae_gozag_cash_rules_everything_around_me,
          pf_hell_entry_tar_spiral, abyss_entry, serial_rivers,
          chequers_serial_rivers_micro_a, chequers_serial_rivers_micro_e,
          chequers_serial_rivers_micro_a, chequers_serial_rivers_small_3
Depths:4: evilmike_zot_entry_gauntlet, layout_gridlike,
          marbit_kobold_abyss_entry, hell_entry, roderic_malta_cross,
          roderic_lattice_octagonal_star
Zot:1:    layout_gridville
Zot:2:    grunt_twist_and_shout, layout_cathedral_of_symmetry, uniq_vv
Zot:3:    dreamdust_zin_vs_xom, layout_gridlike
Zot:4:    layout_cathedral_of_symmetry, st_small_dragon_hoard_5,
          grunt_megastairs_4, lemuel_elevator
Zot:5:    layout_misc_corridors

Skill      XL: |  1  2  3  4  5  6  7  8  9 10 11 12 13 14 15 16 17 18 19 20 21 22 23 24 25 26 27 |
---------------+----------------------------------------------------------------------------------+-----
Armour         | 4 5 6 7 8 9 10 11 12 13 14 15 16 17 18 19 22 | 22.0
Shields        | 4 5 6 7 8 9 10 11 12 13 14 16 | 16.4
Invocations    | 1 2 3 5 6 7 9 10 11 12 13 14 15 16 17 18 19 20 21 23 | 23.4
Axes           | 3 4 5 6 7 9 10 11 12 13 14 15 16 17 18 19 21 | 21.8
Fighting       | 4 5 6 7 8 9 10 11 12 13 14 15 16 17 18 20 | 20.4
Dodging        | 1 2 3 5 6 7 8 9 10 11 12 13 14 15 16 17 18 19 | 19.9
Throwing       | 1 4 6 7 8 9 10 11 12 13 14 15 16 17 18 20 | 20.4
Evocations     | 2 4 6 7 8 9 10 11 12 13 14 15 16 17 18 20 | 20.3

Action                   |  1- 3 |  4- 6 |  7- 9 | 10-12 | 13-15 | 16-18 | 19-21 | 22-24 | 25-27 || total
-------------------------+-------+-------+-------+-------+-------+-------+-------+-------+-------++-------
Melee: War axe           |    53 |   101 |   162 |   151 |       |       |       |       |       ||   467
       Hand axe          |       |       |       |    62 |       |       |       |       |       ||    62
       Broad axe         |       |       |       |   264 |   856 |   656 |   909 |  1186 |  1767 ||  5638
       Headbutt          |       |       |       |       |       |       |       |       |     4 ||     4
Throw: Dart              |       |       |       |     2 |     1 |       |       |       |       ||     3
       Javelin           |       |       |       |     2 |       |     3 |       |     2 |    35 ||    42
Invok: Upheaval          |       |       |     6 |    23 |    14 |    18 |    11 |    18 |     9 ||    99
       Elemental Force   |       |       |       |       |     1 |     1 |     5 |     1 |    10 ||    18
       Disaster Area     |       |       |       |       |       |     2 |     5 |     3 |     9 ||    19
Evoke: Wand              |       |       |     1 |    10 |     8 |     4 |    31 |     3 |     3 ||    60
       Phial of floods   |       |       |       |       |       |     1 |     1 |     1 |       ||     3
       Box of beasts     |       |       |       |       |       |       |     2 |     1 |     1 ||     4
       Tin of tremorston |       |       |       |       |       |       |       |     3 |     1 ||     4
  Use: Potion            |     1 |     1 |     5 |     6 |     1 |    15 |     2 |     2 |    27 ||    60
       Scroll            |       |     1 |     4 |    13 |     8 |     4 |     6 |     6 |    18 ||    60
 Stab: Petrified         |       |       |       |     2 |     3 |       |     4 |       |       ||     9
       Paralysed         |       |       |       |       |       |       |    12 |     3 |    10 ||    25
       Distracted        |       |       |       |       |       |       |       |       |     7 ||     7
       Confused          |       |       |       |       |       |       |       |       |     7 ||     7
Armor: Scale mail        |    30 |    41 |    47 |    36 |       |       |       |       |       ||   154
       Chain mail        |       |       |       |    15 |       |       |       |       |       ||    15
       Skin              |       |       |       |     3 |       |       |       |       |       ||     3
       Swamp dragon scal |       |       |       |    53 |     6 |    47 |   115 |       |       ||   221
       Plate armour      |       |       |       |       |   335 |   162 |   119 |   280 |   247 ||  1143
       Crystal plate arm |       |       |       |       |       |       |       |       |   236 ||   236
Dodge: Dodged            |    17 |    41 |    93 |   296 |   382 |   199 |   472 |   374 |   704 ||  2578
       Repelled          |       |       |       |       |     7 |    12 |    27 |     7 |    41 ||    94
Block: Buckler           |    10 |    37 |    75 |   314 |   691 |   599 |   918 |   905 |   758 ||  4307
       Reflection        |       |       |       |    23 |    42 |    50 |   129 |    28 |    79 ||   351
       Tower shield      |       |       |       |       |       |       |       |       |   867 ||   867
       Rpst.: Broad axe  |       |       |       |       |       |    84 |   313 |   331 |   575 ||  1303

Table legend: (Time is in decaauts)
 A = Elapsed time spent in this place.
 B = Non-inter-level travel time spent in this place.
 C = Inter-level travel time spent in this place.
 D = Time resting spent in this place.
 E = Time spent auto-exploring this place.
 F = Levels seen in this place.
 G = Mean time per level.
                   A        B        C        D        E       F      G
               +--------+--------+--------+--------+--------+-----+--------+
         Total |  28963 |  26898 |   2065 |    419 |  10260 |  56 |  517.2 |
       Dungeon |   7903 |   7313 |    590 |      0 |   4571 |  15 |  526.9 |
          Lair |   4000 |   3583 |    417 |      0 |   1848 |   6 |  666.7 |
        Shoals |   2008 |   1884 |    124 |     43 |    900 |   4 |  502.0 |
     Snake Pit |   2301 |   2188 |    113 |      0 |    581 |   4 |  575.2 |
  Orcish Mines |    971 |    817 |    154 |      0 |     42 |   2 |  485.5 |
   Elven Halls |   1794 |   1664 |    130 |    103 |     77 |   3 |  598.0 |
        Vaults |   2354 |   2197 |    157 |     18 |    869 |   5 |  470.8 |
         Crypt |   2345 |   2058 |    287 |      3 |    176 |   3 |  781.7 |
        Depths |   1617 |   1603 |     14 |     27 |    554 |   4 |  404.2 |
           Zot |   2451 |   2373 |     78 |    210 |    512 |   5 |  490.2 |
         Sewer |    182 |    182 |      0 |      0 |    103 |   1 |  182.0 |
        Bailey |    133 |    133 |      0 |      0 |      4 |   1 |  133.0 |
      Ice Cave |    285 |    285 |      0 |      0 |      2 |   1 |  285.0 |
       Volcano |    270 |    270 |      0 |     14 |     15 |   1 |  270.0 |
      Gauntlet |    343 |    343 |      0 |      0 |      4 |   1 |  343.0 |
               +--------+--------+--------+--------+--------+-----+--------+

Top non-repeatable levels by time:
Depths:4: 1063 daAuts
Vaults:4: 1047 daAuts
   Zot:5: 991 daAuts
 Crypt:3: 988 daAuts
 Snake:4: 954 daAuts
Shoals:4: 848 daAuts
     D:5: 778 daAuts
   Elf:2: 752 daAuts
     D:8: 748 daAuts
  Lair:2: 742 daAuts
  Lair:3: 726 daAuts
  Lair:5: 717 daAuts
 Crypt:2: 704 daAuts
Vaults:2: 688 daAuts
    D:10: 669 daAuts
